 Dungeon Crawl Stone Soup version 0.31-a0-188-g5e087ee2ca (webtiles) character file.

Game seed: 15305154529900847597

429 qw the Skirmisher (level 6, -4/35 HPs)
             Began as a Deep Elf Hunter on June 23, 2023.
             Slain by an ogre
             ... wielding a +0 giant club
              (14 damage)
             ... on level 4 of the Dungeon.
             The game lasted 00:01:01 (2088 turns).

qw the Skirmisher (Deep Elf Hunter)                 Turns: 2088, Time: 00:01:02

Health: -4/35      AC:  8    Str: 10    XL:     6   Next: 66%
Magic:  8/8        EV: 11    Int: 14    God:
Gold:   112        SH:  0    Dex: 18    Spells: 5/5 levels left

rFire   . . .        Y - +2 shortbow
rCold   + . .        (shield currently unavailable)
rNeg    . . .        j - +0 ring mail
rPois   .            (no helmet)
rElec   .            (no cloak)
rCorr   .            (no gloves)
SInv    .            e - +2 pair of boots
Will    .....        (no amulet)
Stlth   +            h - ring of protection from cold
HPRegen 0.25/turn    (no ring)
MPRegen 0.11/turn

%: no passive effects
@: no status effects
A: no striking features
a: no special abilities


You were on level 4 of the Dungeon.
You visited 1 branch of the dungeon, and saw 4 of its levels.

You collected 112 gold pieces.


   Skills:
 - Level 2.2 Fighting
 - Level 10.0 Ranged Weapons
 + Level 0.0 Armour
 - Level 3.0 Dodging
 - Level 1.2 Stealth


You had 5 spell levels left.
You didn't know any spells.
Your spell library was empty.

Inventory:

Hand Weapons
 Y - a +2 shortbow (weapon)
Armour
 e - a +2 pair of boots (worn)
 j - a +0 ring mail (worn)
Jewellery
 h - a ring of protection from cold (left hand)
Scrolls
 a - a scroll of teleportation {unknown}
 l - 2 scrolls of identify
Potions
 b - 3 potions of curing
 c - a potion of haste {unknown}
 d - 2 potions of resistance
 f - 3 potions of heal wounds
 g - a potion of mutation {unknown}
 k - a potion of brilliance {unknown}

Dungeon Overview and Level Annotations

Branches:
Dungeon (4/15)
 Temple: D:4-7

Altars:
Nemelex Xobeh

Shops:
D:2 :   D:4 =


Message History

There is a dry fountain here.
There is a sparkling altar of Nemelex Xobeh here.
There is a sparkling altar of Nemelex Xobeh here.
You open the gate.
There is an open gate here.
An ogre comes into view. It is wielding a +0 giant club.
Enter note:
Enter note:
Enter note:
Enter note:
Enter note:
Enter note:
Enter note:
Enter note:
Enter note:
Enter note: You shoot an arrow.
The arrow hits the ogre!
The ogre shouts!
The ogre is moderately wounded.
A quokka comes into view.
You shoot an arrow. The arrow hits the ogre.
The ogre is heavily wounded.
You shoot an arrow. The arrow completely misses the ogre.
The arrow hits the quokka!
You kill the quokka!
You shoot an arrow. The arrow hits the ogre.
The ogre is heavily wounded.
You shoot an arrow. The arrow completely misses the ogre.
You shoot an arrow. The arrow hits the ogre.
The ogre is severely wounded.
The ogre hits you with a +0 giant club!
You shoot an arrow. The arrow hits the ogre!
The ogre is almost dead.
You shoot an arrow. The arrow closely misses the ogre.
The ogre hits you but does no damage.
You shoot an arrow. The arrow closely misses the ogre.
The ogre hits you with a +0 giant club!
You shoot an arrow. The arrow closely misses the ogre.
The ogre hits you with a +0 giant club!
You die...

###............ ...
................ ..
..........####### ..
#.#######.# . ... ..#
#. #.# ....
###.##.####.....
.##...............
.%..$.O@...##......
#. .##.##...#.# #.
##....# ##. ###..# ..
##.##### ##. #.....#
... #######'''######
#..
########...#########.
##.....#...###.#####.


You could see an ogre.

Vanquished Creatures
  Sigmund (D:3)
  A howler monkey (D:4)
  A hound (D:4)
  Jessica (D:3)
  Natasha (twice) (D:2)
  An iguana (D:4)
  An adder (D:3)
  3 worms
  A dart slug (D:3)
  3 orcs (D:4)
  6 bats
  7 endoplasms
  4 giant cockroaches
  6 goblins
  A hobgoblin (D:1)
  7 jackals (D:2)
  3 quokkas
  7 ball pythons
  6 frilled lizards
  10 kobolds
  4 rats
76 creatures vanquished.

Notes
Turn   | Place    | Note
-------+----------+-------------------------------------------
     0 | D:1      | qw the Deep Elf Hunter began the quest for the Orb.
     0 | D:1      | Reached XP level 1. HP: 12/12 MP: 3/3
     0 | D:1      | 0 ||| qw: Version: 0.3-a-9-g12657ce
     0 | D:1      | 0 ||| qw: Game counter: 3508
     0 | D:1      | 0 ||| qw: Always use a shield: true
     0 | D:1      | 0 ||| qw: God list: Okawaru
     0 | D:1      | 0 ||| qw: Allow faded altars: false
     0 | D:1      | 0 ||| qw: Do Orc after D:15 true
     0 | D:1      | 0 ||| qw: Do second Lair branch before Depths: true
     0 | D:1      | 0 ||| qw: Lair rune preference: random
     0 | D:1      | 0 ||| qw: Plans: Normal
     0 | D:1      | 0 ||| PLANNING D:1-11
    48 | D:1      | Reached XP level 2. HP: 16/16 MP: 4/4
    51 | D:1      | Reached skill level 6 in Ranged Weapons
   407 | D:1      | 407 ||| UPGRADING to +2 pair of boots.
   412 | D:1      | 412 ||| UPGRADING to +0 ring mail.
   422 | D:1      | 422 ||| DROPPING +0 leather armour.
   423 | D:1      | 423 ||| UPGRADING to ring of protection from cold.
   424 | D:1      | 424 ||| READING scroll labelled VUS WO FAUDYTO.
   425 | D:1      | 425 ||| DRINKING 3 fizzy inky potions.
   426 | D:1      | 426 ||| DROPPING scroll of butterflies.
   427 | D:1      | 427 ||| DROPPING 2 potions of magic.
   448 | D:2      | Reached XP level 3. HP: 20/20 MP: 5/5
   499 | D:2      | Found Bysoewnir's Book Shoppe.
   525 | D:2      | Reached skill level 7 in Ranged Weapons
   747 | D:2      | Found a faded altar of an unknown god.
   858 | D:2      | Noticed Natasha
   865 | D:2      | Killed Natasha
   866 | D:2      | Reached XP level 4. HP: 21/25 MP: 6/6
   914 | D:2      | 914 ||| READING scroll of enchant weapon.
   914 | D:2      | 914 ||| ENCHANTING +1 shortbow.
   970 | D:2      | Noticed Natasha
   976 | D:2      | Killed Natasha
   977 | D:2      | Reached skill level 8 in Ranged Weapons
   996 | D:2      | 996 ||| READING scroll labelled PULIDI XESEAQA.
   997 | D:2      | 997 ||| READING scroll labelled KIPNYX ZERONKIUTZO.
   998 | D:2      | 998 ||| READING scroll labelled GOINIXAERA.
   999 | D:2      | 999 ||| DRINKING 2 bubbling purple potions.
  1056 | D:3      | Noticed Jessica
  1061 | D:3      | Killed Jessica
  1062 | D:3      | Reached XP level 5. HP: 29/29 MP: 7/7
  1428 | D:3      | Noticed Sigmund
  1438 | D:3      | 1438 ||| DRINKING 2 potions of curing.
  1438 | D:3      | 1438 ||| (to cure confusion)
  1451 | D:3      | HP: 3/29 [something (10)]
  1453 | D:3      | Killed Sigmund
  1454 | D:3      | Reached skill level 9 in Ranged Weapons
  1454 | D:3      | Reached XP level 6. HP: 5/34 MP: 8/8
  1692 | D:3      | 1692 ||| READING scroll labelled VURGHE EVUXYEBY.
  1693 | D:3      | 1693 ||| READING scroll labelled DOZUOM VUELATH.
  1849 | D:4      | Reached skill level 10 in Ranged Weapons
  1854 | D:4      | Found Izxeof's Jewellery Shoppe.
  1862 | D:4      | 1862 ||| SHOPLISTING +4 ring of protection (432 gold, have
                  | 112).
  1862 | D:4      | 1862 ||| SHOPLISTING +6 ring of strength (432 gold, have
                  | 112).
  1862 | D:4      | 1862 ||| SHOPLISTING ring of Guuc {Ice Will++ Int+2} (602
                  | gold, have 112).
  1997 | D:4      | Reached skill level 3 in Dodging
  2049 | D:4      | Found a sparkling altar of Nemelex Xobeh.
  2088 | D:4      | Slain by an ogre

Levels and vault maps discovered:
D:1:      dpeg_arrival_rooms_b, layout_rooms, minmay_misc_feat_tiny
D:2:      layout_basic, dilly_ecumenical_altar_fadedgnrine, serial_shops,
          nicolae_shop_statue_plus, minmay_tall_x, uniq_natasha
D:3:      layout_loops_ring, uniq_sigmund, uniq_jessica
D:4:      layout_basic, nemelex_altar_shiori, serial_shops, shop

Skill      XL: |  1  2  3  4  5  6 |
---------------+-------------------+-----
Ranged Weapons | 6 7 8 9 10 | 10.0
Fighting       | 2 |  2.2
Dodging        | 3 |  3.0
Stealth        | |  1.2

Action                     |  1- 3 |  4- 6 || total
---------------------------+-------+-------++-------
   Fire: Shortbow          |   129 |   108 ||   237
    Use: Scroll            |     1 |     6 ||     7
         Potion            |     1 |     2 ||     3
 Armour: Leather armour    |     9 |       ||     9
         Ring mail         |    15 |    16 ||    31
  Dodge: Dodged            |    22 |    15 ||    37

Table legend:
 A = Non-vault XP
 B = Vault XP
 C = Vault XP percentage of total XP
 D = Non-vault monster count
 E = Vault monster count
 F = Vault count percentage of total count
                 A         B        C        D         E       F
            +---------+---------+-------+---------+---------+-------
      Total |     299 |     315 |  51.3 |      69 |       7 |   9.2
            +---------+---------+-------+---------+---------+-------
        D:1 |      32 |       0 |   0.0 |      23 |       0 |   0.0
        D:2 |      80 |      47 |  37.0 |      26 |       5 |  16.1
        D:3 |      26 |     268 |  91.2 |       7 |       2 |  22.2
        D:4 |     161 |       0 |   0.0 |      13 |       0 |   0.0
            +---------+---------+-------+---------+---------+-------
